 Dungeon Crawl Stone Soup version 0.23-a0-38-g6d804a8 (webtiles) character file.

213272 Gorice the Eclecticist (level 18, -5/112 HPs)
             Began as a Deep Elf Fire Elementalist on Aug 4, 2018.
             Was the Champion of Vehumet.
             Killed from afar by a shock serpent (28 damage)
             ... with a bolt of electricity
             ... on level 4 of the Snake Pit on Aug 5, 2018.
             The game lasted 04:45:40 (45429 turns).

Gorice the Eclecticist (DEFE)                      Turns: 45429, Time: 04:45:41

Health: -5/112     AC: 12    Str:  5    XL:     18   Next: 26%
Magic:  40/53      EV: 20    Int: 29    God:    Vehumet [******]
Gold:   1897       SH:  8    Dex: 15    Spells: 18/57 levels left

rFire    + + .     SeeInvis +   a - +3 eveningstar (drain)
rCold    . . .     Gourm    .   z - +3 buckler of Loharen {rPois}
rNeg     . . .     Faith    .   H - +2 robe {rC+ rF+}
rPois    +         Spirit   .   W - +0 helmet {SInv}
rElec    .         Reflect  .   R - scarf {repulsion}
rCorr    .         Harm     .   S - +3 pair of gauntlets of War {Slay+5}
MR       ++...                  l - +2 pair of boots {run}
Stlth    ++........             w - amulet of regeneration
HPRegen  0.68/turn              N - ring of fire
MPRegen  0.33/turn              J - ring "Voenk" {MR+ MP+9}

@: lethally poisoned (-5 -> -13), repel missiles, quick
A: no striking features
}: 1/15 runes: decaying
a: Renounce Religion


You were on level 4 of the Snake Pit.
You worshipped Vehumet.
Vehumet was exalted by your worship.
You were not hungry.

You visited 6 branches of the dungeon, and saw 32 of its levels.
You also visited: Trove and Ossuary.

You collected 3771 gold pieces.
You spent 1874 gold pieces at shops.

Inventory:

Hand Weapons
 a - a +3 eveningstar of draining (weapon)
   (You took it off Louise on level 15 of the Dungeon)
Missiles
 A - 11 javelins (quivered)
 Z - 2 throwing nets
Armour
 l - a +2 pair of boots of running (worn)
   (You acquired it on level 13 of the Dungeon)
 z - the +3 buckler of Loharen (worn) {rPois}
   (You found it in a treasure trove)

   It protects you from poison.
 H - a +2 robe of resistance (worn)
   (You took it off a meliai on level 15 of the Dungeon)
 R - a scarf of repulsion (worn)
   (You found it on level 2 of the Lair of Beasts)
 S - the +3 pair of gauntlets of War (worn) {Slay+5}
   (You found it in a treasure trove)

   It affects your accuracy and damage with ranged weapons and melee attacks
   (+5).
 W - a +0 helmet of see invisible (worn)
   (You bought it in a shop on level 11 of the Dungeon)
Jewellery
 e - an uncursed ring of positive energy
 m - an uncursed ring of protection from magic
 w - an amulet of regeneration (around neck)
 J - the ring "Voenk" (right hand) {MR+ MP+9}
   (You found it on level 6 of the Lair of Beasts)

   [ring of magical power]

   It affects your resistance to hostile enchantments.
   It affects your magic capacity (+9).
 N - a ring of fire (left hand)
 O - an uncursed ring of ice
Wands
 d - a wand of paralysis (21)
 k - a wand of clouds (18)
 n - a wand of scattershot (2)
 u - a wand of iceblast (21)
 x - a wand of enslavement (31)
 M - a wand of acid (31)
Scrolls
 i - 12 scrolls of teleportation {!r}
 r - 3 scrolls of identify
 y - a scroll of fear {!r}
 B - 3 scrolls of blinking
 E - a scroll of summoning {!r}
 G - 7 scrolls of magic mapping {!r}
 T - 9 scrolls of remove curse
 U - 2 scrolls of fog
Potions
 g - 9 potions of curing
 j - 5 potions of brilliance {!q}
 o - 9 potions of heal wounds {!q}
 q - 7 potions of might {!q}
 t - 5 potions of agility {!q}
 C - 3 potions of berserk rage
 D - 3 potions of resistance {!q}
 I - a potion of invisibility {!q}
 K - 12 potions of haste {!q}
 P - 3 potions of magic {!q}
 Q - 4 potions of cancellation {!q}
Miscellaneous
 h - a lamp of fire
Comestibles
 c - 33 rations


   Skills:
 - Level 12.0 Fighting
 - Level 12.1 Dodging
 - Level 2.4 Stealth
 + Level 3.1 Shields
 - Level 20.0 Spellcasting
 + Level 16.1 Conjurations
 + Level 16.1 Fire Magic
 - Level 12.0 Evocations


You had 18 spell levels left.
You knew the following spells:

 Your Spells              Type           Power        Failure   Level  Hunger
a - Flame Tongue          Conj/Fire      #####        0%          1    None
b - Throw Flame           Conj/Fire      ######       0%          2    None
c - Conjure Flame         Conj/Fire      ########     0%          3    None
d - Sticky Flame          Conj/Fire      ########     0%          4    None
e - Fireball              Conj/Fire      ########..   1%          5    None
f - Bolt of Fire          Conj/Fire      ########..   1%          6    None
i - Throw Icicle          Conj/Ice       ######..     1%          4    None
m - Bolt of Magma         Conj/Fire/Erth #######...   1%          5    None
o - Orb of Destruction    Conj           #######...   1%          7    ###....
J - Blink                 Tloc           N/A          2%          2    None

Your spell library contained the following spells:

 Spells                   Type           Power        Failure   Level  Hunger
 Cause Fear               Hex            ####......   14%         4    None
 Magic Dart               Conj           ####         0%          1    None
 Slow                     Hex            ####....     2%          2    None
 Freezing Cloud           Conj/Ice/Air   ######....   7%          6    None
 Mephitic Cloud           Conj/Pois/Air  ######..     1%          3    None
 Ring of Flames           Chrm/Fire      #######...   41%         7    ###....
 Venom Bolt               Conj/Pois      ######....   1%          5    None
 Iskenderun's Mystic Bla  Conj           #######.     0%          4    None
 Call Imp                 Summ           ####....     2%          2    None
 Iron Shot                Conj/Erth      ######....   2%          6    None
 Dragon Form              Tmut           ####......   100%        7    ###....
 Deflect Missiles         Chrm/Air       ####......   92%         6    None
 Shadow Creatures         Summ           N/A          92%         6    None
 Ensorcelled Hibernation  Hex/Ice        ####..       2%          2    None
 Silence                  Hex/Air        ####......   38%         5    None
 Corona                   Hex            ####...      1%          1    None
 Conjure Ball Lightning   Conj/Air       ######....   2%          6    None
 Portal Projectile        Hex/Tloc       ####..       4%          3    None
 Tornado                  Air            ####......   100%        9    ######.
 Leda's Liquefaction      Hex/Erth       ####......   14%         4    None
 Darkness                 Hex            ####......   92%         6    None
 Inner Flame              Hex/Fire       #######.     1%          3    None
 Iskenderun's Battlesphe  Conj/Chrm      ######..     1%          5    None
 Fulminant Prism          Conj/Hex       ######....   1%          4    None
 Dazzling Spray           Conj/Hex       ######       1%          3    None
 Force Lance              Conj/Tloc      ######..     1%          4    None
 Searing Ray              Conj           ######       0%          2    None
 Discord                  Hex            ####......   100%        8    #####..
 Summon Lightning Spire   Summ/Air       ####....     14%         4    None
 Dragon's Call            Summ           ####......   100%        9    ######.
 Spellforged Servitor     Conj/Summ      ######....   13%         7    ###....
 Yara's Violent Unravell  Hex/Tmut       ####......   11%         5    None
 Poisonous Vapours        Pois/Air       ####..       2%          2    None
 Borgnjor's Vile Clutch   Necr/Erth      ####......   38%         5    None


Dungeon Overview and Level Annotations

Branches:
Dungeon (15/15) Temple (1/1) D:7 Lair (6/6) D:11 Swamp (4/4) Lair:2 Snake (4/4) Lair:4 Slime (0/5) Lair:5 Orc (2/2) D:10 Elf (0/3) Orc:1 Orc:2 Vaults (0/5) D:14 Depths (0/5) D:15

Altars:
Ashenzari
Cheibriados
Dithmenos
Elyvilon
Fedhas
Gozag
Hepliaklqana
Kikubaaqudgha
Makhleb
Nemelex Xobeh
Okawaru
Qazlal
Ru
Sif Muna
Trog
Uskayaw
Vehumet
Wu Jian
Xom
Yredelemnul
Zin
The Shining One
Beogh

Shops:
D:11 *   D:15 =%:**   Orc:2 [[=[   Snake:1 [[[(*=[[:   Snake:3 !

Annotations:
D:2 Terence
D:5 biddum's ghost, novice DsFi
Snake:1 2 transporters, Meatbag's ghost, adept HOGl


Message History

Unknown command.
Really read
y - 2 scrolls of fear {!r}?
As you read the scroll of fear {!r}, it crumbles to dust.
You assume a fearsome visage.
The nagaraja resists with almost no effort.
The black mamba looks frightened! x2
The black mamba hisses angrily.
The black mamba looks frightened!
The shock serpent looks frightened!
The salamander looks frightened! x2; You feel sick.
The nagaraja burns!
The nagaraja spits poison at you. The splash of poison hits you!
You are more poisoned.
You resist.
* * * LOW HITPOINT WARNING * * *
x2 The nagaraja constricts you.
Damage: 11 (max 24) Really quaff
o - 10 potions of heal wounds {!q}?
You feel much better.
You feel sick.
The nagaraja burns!
You block the nagaraja's attack.
* * * LOW HITPOINT WARNING * * *
The nagaraja constricts you!
Unknown command.
Unknown command.
Unknown command.
Casting: Sticky Flame (safe; 0% risk of failure)
Confirm with . or Enter, or press ? or * to list all spells.
Aiming: Bolt of Magma (safe; 1% risk of failure)
Press: ? - help, Shift-Dir - straight line, f/p - nagaraja
Aim: a nagaraja, wielding a spear and wearing a robe (moderately wounded, constricting you, covered in liquid flames, catching its breath)
You feel a surge of power!
The bolt of magma hits the nagaraja.
The nagaraja is severely wounded.
You feel sick.
You hear a shout!
The nagaraja burns!
The nagaraja hits you with a spear.
* * * LOW HITPOINT WARNING * * *
x2 The nagaraja constricts you.
You hear a shout!
Damage: 8 (max 24)
Casting: Bolt of Magma (safe; 1% risk of failure)
Confirm with . or Enter, or press ? or * to list all spells.
Aiming: Bolt of Magma (safe; 1% risk of failure)
Press: ? - help, Shift-Dir - straight line, f/p - nagaraja
Aim: a nagaraja, wielding a spear and wearing a robe (severely wounded, constricting you, covered in liquid flames)
You feel a surge of power!
The bolt of magma hits the nagaraja.
You kill the nagaraja!
Vehumet accepts your kill.
You feel your power returning.
You feel sick.
The shock serpent shoots out a bolt of lightning at you!
The bolt of electricity hits you!
You die...

.... ...# ...
... #.. .N# .S#
.N# # ..#..#
#.#....###..
#......N....
##.# #.@#
#......).....#
.............#
...............
.......).......
S..............
....$.........#
.............S#


You could see 2 salamanders, a shock serpent (fleeing) and 2 black mambas.

Vanquished Creatures
  Vashnia (Snake:2)
  Rupert (Lair:5)
  Asterion (Snake:1)
  Frances (D:13)
  Kirke (Swamp:4)
  2 nagarajas
  3 thorn hunters
  Louise (D:15)
  The ghost of Gavudon the Destroyer, a journeyman BaWz of Vehumet (Snake:2)
  Nessos (D:14)
  Azrael (Snake:1)
  A dire elephant (D:15)
  The ghost of KlownO the Grappler, a journeyman TrMo (D:12)
  Erolcha (D:13)
  8 vault guards (D:14)
  Harold (D:9)
  7 naga warriors
  3 centaur warriors
  4 catoblepae (Lair:6)
  4 ghost crabs
  5 anacondas
  20 hydras
  Erica (D:8)
  2 two-headed ogres (D:14)
  10 alligators
  3 tengu warriors
  The ghost of Eptagon the Blocker, a novice GnFi of Cheibriados (D:7)
  15 death yaks
  Nergalle (D:12)
  9 naga sharpshooters
  4 shock serpents
  Urug (Lair:3)
  6 spriggans
  A salamander mystic (Snake:3)
  3 sea snakes (Snake:1)
  4 skeletal warriors (D:14)
  3 spriggan druids
  A wizard (D:15)
  10 swamp dragons
  The ghost of urutzu the Archer, a novice CeHu (D:4)
  3 unseen horrors (D:14)
  A shambling mangrove (Swamp:3)
  The ghost of Meatbag the Cleaver, a novice MiBe of Trog (D:5)
  A naga ritualist (Snake:4)
  5 oklob plants
  2 mana vipers
  A wolf spider zombie (D:15)
  6 orc knights
  8 orc sorcerers
  9 cyclopes
  5 deep elf magi
  3 manticores
  Maurice (D:13)
  The ghost of biddum the Cudgeler, a novice GrFi of Okawaru (D:5)
  5 guardian serpents
  8 salamanders
  24 ugly things
  3 spectral centaurs (D:12)
  7 elephants
  The ghost of HydraWiggins the Magician, a novice GrWz of Sif Muna (D:5)
  8 naga magi
  19 black mambas
  A water nymph (shapeshifter) (D:14)
  A gargoyle (D:14)
  3 kobold demonologists
  15 spiny frogs
  5 komodo dragons
  A rime drake (shapeshifter) (D:15)
  2 rime drakes (Lair:2)
  An efreet (D:15)
  3 tengu conjurers
  2 wolf spider simulacra (D:12)
  3 meliai (D:15)
  2 polar bears
  5 slime creatures
  12 trolls
  11 hornets
  Grinder (D:5)
  8 bog bodies
  7 tyrant leeches
  11 dream sheep
  30 blink frogs
  14 hippogriffs
  4 centaur simulacra (D:12)
  A vampire (D:11)
  Eustachio (D:4)
  7 wyverns
  3 fire elementals (Snake:1)
  2 hogs (Swamp:4)
  A shadow (D:12)
  5 basilisks
  A steam dragon (D:13)
  50 yaks
  17 vampire mosquitoes
  3 hungry ghosts
  2 acid dragons (D:15)
  12 swamp worms
  30 nagas
  A soldier ant (D:14)
  10 wargs
  25 water moccasins
  8 porcupines
  A hell hound (Snake:1)
  7 ice beasts
  15 swamp drakes
  31 orc warriors
  5 sky beasts
  A black bear (Lair:3)
  A meliai simulacrum (D:12)
  An eye of draining (D:12)
  14 ogres
  A necrophage (D:10)
  2 phantoms (D:9)
  16 centaurs
  3 boggarts (D:12)
  A tengu (shapeshifter) (D:14)
  A wolf (Lair:6)
  12 crocodiles
  16 big kobolds
  The ghost of Treefire the Vexing, an amateur DEEn (D:3)
  27 bullfrogs
  An elf zombie (Ossuary)
  A gnoll sergeant (D:7)
  2 scorpions
  A wyvern skeleton (D:11)
  19 killer bees
  18 wights
  A howler monkey (D:5)
  4 jellies
  3 bullfrog zombies
  9 electric eels
  8 crimson imps
  4 centaur zombies
  3 human zombies (Ossuary)
  4 quasits
  8 orc priests
  46 orc wizards
  7 centaur skeletons
  A bullfrog skeleton (D:8)
  5 hounds
  5 iguanas
  Ijyb (D:4)
  7 worker ants
  3 hound zombies
  3 mummies (Ossuary)
  2 worker ant zombies
  Robin (D:4)
  A howler monkey zombie (D:6)
  15 gnolls
  24 adders
  8 river rats (D:6)
  3 shadow imps
  2 white imps (D:6)
  2 oozes (D:3)
  7 adder zombies
  An adder skeleton (D:6)
  3 worms
  2 adder simulacra (D:6)
  6 leopard geckos
  100 orcs
  2 ball pythons (D:6)
  6 giant cockroaches
  16 hobgoblins
  8 jackals
  40 kobolds
  11 quokkas
  A ball python (shapeshifter) (D:9)
  5 bats
  5 frilled lizards
  2 gnoll zombies (Ossuary)
  17 goblins
  3 goblin zombies (Ossuary)
  3 hobgoblin zombies (Ossuary)
  4 jackal zombies (Ossuary)
  5 kobold zombies (Ossuary)
  A leopard gecko zombie (D:6)
  2 orc zombies (Ossuary)
  A quokka simulacrum (D:6)
  A quokka skeleton (D:8)
  3 quokka zombies (Ossuary)
  22 rats
  A rat zombie (Ossuary)
  A fungus (Lair:5)
  24 plants
1269 creatures vanquished.

Vanquished Creatures (others)
  2 humans (Swamp:4)
  11 fungi
  17 plants
  A withered plant (D:5)
31 creatures vanquished.

Grand Total: 1300 creatures vanquished

Notes
Turn   | Place    | Note
-------+----------+-------------------------------------------
     0 | D:1      | Gorice the Deep Elf Fire Elementalist began the quest for the Orb.
     0 | D:1      | Reached XP level 1. HP: 10/10 MP: 6/6
   224 | D:1      | Reached skill level 2 in Conjurations
   373 | D:1      | Reached XP level 2. HP: 15/15 MP: 5/8
   563 | D:1      | Reached skill level 3 in Conjurations
   669 | D:1      | Reached XP level 3. HP: 17/19 MP: 3/9
   679 | D:1      | Learned a level 2 spell: Throw Flame
   683 | D:1      | Learned a level 3 spell: Conjure Flame
   942 | D:2      | Found a hide-covered altar of Uskayaw.
  1227 | D:2      | Found a basalt altar of Yredelemnul.
  1239 | D:2      | Found a shattered altar of Ashenzari.
  1319 | D:2      | Reached XP level 4. HP: 24/24 MP: 0/11
  1846 | D:3      | Noticed Terence
  2064 | D:3      | Reached skill level 4 in Fire Magic
  2070 | D:3      | Learned a level 4 spell: Sticky Flame
  2314 | D:3      | Noticed an ogre
  2323 | D:3      | Found a transporter.
  2323 | D:3      | Noticed Treefire's ghost (amateur DEEn)
  2331 | D:3      | Found a transporter.
  2512 | D:3      | Reached skill level 4 in Conjurations
  2878 | D:4      | Reached XP level 5. HP: 28/28 MP: 8/12
  2979 | D:4      | Noticed Eustachio
  2992 | D:4      | Reached skill level 4 in Spellcasting
  2997 | D:4      | HP: 8/28 [quokka[Eustachio] (3)]
  2998 | D:4      | Killed Eustachio
  2998 | D:4      | Reached skill level 5 in Conjurations
  2998 | D:4      | Reached skill level 5 in Fire Magic
  2998 | D:4      | Reached XP level 6. HP: 10/32 MP: 2/14
  3283 | D:4      | Noticed Ijyb
  3293 | D:4      | Killed Ijyb
  3412 | D:4      | Noticed Robin
  3478 | D:4      | Killed Robin
  3799 | D:4      | Reached skill level 5 in Spellcasting
  3799 | D:4      | Reached XP level 7. HP: 36/36 MP: 1/16
  4304 | D:5      | Entered Level 5 of the Dungeon
  4532 | D:5      | Found a glowing golden altar of the Shining One.
  4544 | D:5      | Found a snail-covered altar of Cheibriados.
  4590 | D:5      | Reached skill level 6 in Fire Magic
  4748 | D:5      | Found a runed gate.
  4749 | D:5      | Found a runed gate.
  4749 | D:5      | Found a runed gate.
  4750 | D:5      | Noticed urutzu's ghost (novice CeHu)
  4751 | D:5      | Noticed biddum's ghost (novice GrFi)
  4751 | D:5      | Noticed HydraWiggins's ghost (novice GrWz)
  4751 | D:5      | Noticed Meatbag's ghost (novice MiBe)
  4879 | D:5      | Noticed Grinder
  4887 | D:5      | Killed Grinder
  4887 | D:5      | Reached skill level 6 in Conjurations
  4895 | D:5      | Found Gaczux's Jewellery Boutique.
  5261 | D:5      | HP: 4/36 [orc warrior/hand axe (8)]
  5262 | D:5      | Reached XP level 8. HP: 5/41 MP: 10/18
  5570 | D:6      | Reached skill level 6 in Spellcasting
  5570 | D:6      | Reached skill level 7 in Conjurations
  5570 | D:6      | Reached skill level 7 in Fire Magic
  5625 | D:6      | Found a runed gate.
  5625 | D:6      | Found a runed gate.
  5625 | D:6      | Found a runed gate.
  5665 | D:6      | Found a sand-covered staircase.
  5670 | Ossuary  | Entered an ossuary
  5854 | Ossuary  | Learned a level 5 spell: Fireball
  6585 | D:6      | Reached skill level 8 in Fire Magic
  6628 | D:6      | Reached skill level 8 in Conjurations
  6657 | D:6      | Reached skill level 7 in Spellcasting
  6757 | D:6      | Noticed biddum's ghost (novice DsFi)
  7222 | D:6      | Reached XP level 9. HP: 45/45 MP: 11/21
  7514 | D:7      | Found a runed gate.
  7516 | D:7      | Found a runed gate.
  7516 | D:7      | Found a runed gate.
  7516 | D:7      | Noticed Eptagon's ghost (novice GnFi)
  7517 | D:7      | Noticed a kobold demonologist
  7985 | D:7      | Found a white marble altar of Elyvilon.
  8460 | D:7      | Reached skill level 9 in Conjurations
  8460 | D:7      | Reached skill level 9 in Fire Magic
  8698 | D:7      | Found a staircase to the Ecumenical Temple.
  8708 | Temple   | Entered the Ecumenical Temple
  8798 | Temple   | Became a worshipper of Vehumet
  9177 | D:8      | Noticed Erica
  9189 | D:8      | HP: 13/45 [bullfrog (4)]
  9194 | D:8      | Reached skill level 8 in Spellcasting
  9928 | D:8      | Reached * piety under Vehumet
  9928 | D:8      | Offered knowledge of Sandblast by Vehumet.
 10062 | D:8      | Killed Erica
 10062 | D:8      | Reached skill level 10 in Conjurations
 10062 | D:8      | Reached skill level 10 in Fire Magic
 10282 | D:8      | Reached XP level 10. HP: 50/50 MP: 17/24
 10535 | D:8      | Reached skill level 9 in Spellcasting
 11112 | D:9      | Reached skill level 11 in Conjurations
 11112 | D:9      | Reached skill level 11 in Fire Magic
 11587 | D:9      | Reached ** piety under Vehumet
 11587 | D:9      | Offered knowledge of Searing Ray by Vehumet.
 11641 | D:9      | Noticed Harold
 11649 | D:9      | Killed Harold
 11932 | D:9      | Reached skill level 10 in Spellcasting
 12420 | D:7      | Reached XP level 11. HP: 54/54 MP: 16/27
 12446 | D:7      | Killed Eptagon's ghost
 12446 | D:7      | Reached skill level 12 in Conjurations
 12446 | D:7      | Reached skill level 12 in Fire Magic
 12486 | D:7      | Offered knowledge of Ignite Poison by Vehumet.
 12799 | D:3      | Killed Treefire's ghost
 12800 | D:3      | Reached skill level 1 in Fighting
 12800 | D:3      | Reached skill level 3 in Dodging
 12813 | D:3      | Got a jewelled dire flail {elec}
 12814 | D:3      | Identified the +5 dire flail "Rocwafo" {elec, rC+ Str+7 Stlth+} (You took it off an ogre on level 3 of the Dungeon)
 12951 | D:5      | Killed Meatbag's ghost
 13223 | D:4      | Killed urutzu's ghost
 13345 | D:5      | Killed biddum's ghost
 13345 | D:5      | Reached skill level 2 in Fighting
 13345 | D:5      | Reached skill level 4 in Dodging
 13345 | D:5      | Reached skill level 11 in Spellcasting
 13645 | D:6      | HP: 13/57 [biddum's ghost (14)]
 13892 | D:5      | Killed HydraWiggins's ghost
 14171 | D:10     | Entered Level 10 of the Dungeon
 14280 | D:9      | Reached *** piety under Vehumet
 14402 | D:10     | Reached skill level 5 in Dodging
 14565 | D:10     | Reached skill level 3 in Fighting
 14798 | D:10     | Offered knowledge of Throw Icicle by Vehumet.
 14875 | D:9      | Learned a level 4 spell: Throw Icicle
 15064 | D:10     | Found a staircase to the Orcish Mines.
 15779 | D:11     | Reached skill level 6 in Dodging
 15790 | D:11     | Reached skill level 12 in Spellcasting
 15954 | D:11     | Reached skill level 4 in Fighting
 16323 | D:11     | Found a staircase to the Lair.
 16359 | D:11     | Found Fut Xeol's Assorted Antiques.
 16366 | D:11     | Bought a dark potion for 25 gold pieces
 16366 | D:11     | Bought a shiny helmet for 210 gold pieces
 16426 | D:11     | Reached **** piety under Vehumet
 16433 | D:11     | Reached XP level 12. HP: 48/67 MP: 30/30
 16434 | D:11     | Reached skill level 7 in Dodging
 16570 | D:11     | Offered knowledge of Bolt of Magma by Vehumet.
 16783 | D:11     | Found a portal to a secret trove of treasure.
 16821 | D:11     | Learned a level 5 spell: Bolt of Magma
 16849 | Lair:1   | Entered Level 1 of the Lair of Beasts
 17266 | Lair:1   | Reached skill level 5 in Fighting
 17278 | Lair:1   | Reached skill level 8 in Dodging
 17628 | Lair:1   | Noticed a seven-headed hydra
 17634 | Lair:1   | Killed a seven-headed hydra
 17634 | Lair:1   | Reached skill level 13 in Spellcasting
 18939 | Lair:2   | Reached skill level 9 in Dodging
 19001 | Lair:2   | Reached skill level 6 in Fighting
 19221 | Lair:2   | Reached ***** piety under Vehumet
 19324 | Lair:2   | Offered knowledge of Poison Arrow by Vehumet.
 19368 | Lair:2   | Found a staircase to the Swamp.
 19392 | Lair:2   | Reached skill level 14 in Spellcasting
 20117 | Lair:3   | Reached skill level 10 in Dodging
 20175 | Lair:3   | Noticed an eight-headed hydra
 20181 | Lair:3   | Killed an eight-headed hydra
 20183 | Lair:3   | Reached XP level 13. HP: 68/76 MP: 24/33
 20187 | Lair:3   | Noticed Urug
 20196 | Lair:3   | Killed Urug
 20203 | Lair:3   | HP: 17/76 [elephant (9)]
 20211 | Lair:3   | Reached skill level 7 in Fighting
 20243 | Lair:3   | HP: 17/76 [spiny frog (3)]
 22108 | Lair:4   | Reached skill level 11 in Dodging
 22256 | Lair:3   | Reached skill level 15 in Spellcasting
 22647 | Lair:4   | Found a staircase to the Snake Pit.
 22906 | Lair:4   | Reached skill level 8 in Fighting
 23489 | Lair:5   | Noticed Rupert
 23498 | Lair:5   | Killed Rupert
 23498 | Lair:5   | Reached skill level 12 in Dodging
 23801 | Lair:4   | Offered knowledge of Bolt of Fire by Vehumet.
 23809 | Lair:4   | Learned a level 6 spell: Bolt of Fire
 23898 | Lair:5   | HP: 22/79 [death yak (21)]
 24432 | Lair:5   | Found a staircase to the Slime Pits.
 24445 | Lair:5   | Reached skill level 16 in Spellcasting
 24470 | Lair:5   | Reached XP level 14. HP: 68/84 MP: 29/36
 24478 | Lair:5   | Reached skill level 1 in Evocations
 24566 | Lair:5   | Reached skill level 9 in Fighting
 25003 | Lair:5   | Reached skill level 2 in Evocations
 25112 | Lair:5   | Reached skill level 3 in Evocations
 25529 | Lair:6   | Entered Level 6 of the Lair of Beasts
 25827 | Lair:6   | Reached skill level 4 in Evocations
 26422 | Lair:6   | Reached skill level 5 in Evocations
 26772 | Lair:6   | Reached skill level 10 in Fighting
 26925 | Lair:6   | Reached skill level 6 in Evocations
 27249 | Lair:6   | Got a pair of transparent gloves
 27260 | Lair:6   | Identified the -1 pair of gloves of Marbles {+Fly rF++} (You found it on level 6 of the Lair of Beasts)
 27440 | Lair:6   | Reached skill level 7 in Evocations
 27643 | Lair:6   | Got a vibrating glass ring
 27657 | Lair:6   | Identified the ring "Voenk" {MR+ MP+9} (You found it on level 6 of the Lair of Beasts)
 27892 | Orc:1    | Entered Level 1 of the Orcish Mines
 28282 | Orc:1    | Offered knowledge of Spellforged Servitor by Vehumet.
 28283 | Orc:1    | Reached skill level 8 in Evocations
 28678 | Orc:2    | Entered Level 2 of the Orcish Mines
 28678 | Orc:2    | Found a staircase to the Elven Halls.
 28958 | Orc:1    | Reached skill level 11 in Fighting
 29727 | Orc:2    | Reached XP level 15. HP: 95/95 MP: 36/37
 29741 | Orc:2    | Offered knowledge of Ozocubu's Refrigeration by Vehumet.
 29793 | Orc:2    | Found a roughly hewn altar of Beogh.
 29828 | Orc:2    | Found Raiseoq's Antique Armour Shoppe.
 29829 | Orc:2    | Found Fothrastro's Armour Boutique.
 29918 | Orc:2    | Found Datux's Jewellery Shoppe.
 29919 | Orc:2    | Found Lidden's Antique Armour Boutique.
 29970 | Orc:2    | Upgraded the game from 0.23-a0-32-g1388f29 to 0.23-a0-38-g6d804a8
 30003 | Orc:2    | Bought a runed robe for 99 gold pieces
 30003 | Orc:2    | Bought an embroidered robe for 99 gold pieces
 30085 | Orc:2    | Bought a pair of glowing gloves for 180 gold pieces
 30386 | D:12     | Found a runed gate.
 30386 | D:12     | Found a runed gate.
 30386 | D:12     | Found a runed gate.
 30386 | D:12     | Noticed KlownO's ghost (journeyman TrMo)
 30397 | D:12     | Noticed Nessos
 30399 | D:12     | HP: 23/96 [Nessos/arrow (15)]
 30723 | D:12     | Noticed Nergalle
 30726 | D:12     | Killed Nergalle
 30910 | D:12     | Killed KlownO's ghost
 31243 | D:12     | Reached skill level 9 in Evocations
 31580 | D:13     | Identified a scroll of acquirement
 31587 | D:13     | Identified a +0 pair of boots of running (You acquired it on level 13 of the Dungeon)
 31597 | D:13     | Reached skill level 12 in Fighting
 31790 | D:13     | Offered knowledge of Bolt of Cold by Vehumet.
 32053 | D:13     | Noticed Erolcha
 32055 | D:13     | Killed Erolcha
 32130 | D:13     | Reached skill level 10 in Evocations
 32185 | D:13     | Noticed Frances
 32208 | D:13     | Killed Frances
 32212 | D:13     | Noticed Maurice
 32217 | D:13     | Killed Maurice
 32657 | D:14     | Reached skill level 11 in Evocations
 32759 | D:14     | Killed Nessos
 32994 | D:14     | Offered knowledge of Orb of Destruction by Vehumet.
 33003 | D:14     | Learned a level 7 spell: Orb of Destruction
 33143 | D:14     | Reached skill level 12 in Evocations
 33165 | D:14     | Reached skill level 17 in Spellcasting
 33453 | D:14     | Found a gate to the Vaults.
 33589 | D:14     | Reached XP level 16. HP: 101/101 MP: 13/39
 34344 | D:15     | Entered Level 15 of the Dungeon
 34508 | D:15     | Reached skill level 13 in Conjurations
 34596 | D:15     | Found Cuhitz's Assorted Antiques.
 34615 | D:15     | Bought a potion of heal wounds for 205 gold pieces
 34642 | D:15     | Found Keotzy's Jewellery Shoppe.
 34704 | D:15     | Noticed Louise
 34711 | D:15     | Killed Louise
 34785 | D:15     | Reached skill level 18 in Spellcasting
 34871 | D:15     | Found Qeobbuim's Book Shoppe.
 34871 | D:15     | Found Xuteciz's Food Shop.
 34937 | D:15     | Offered knowledge of Freezing Cloud by Vehumet.
 35497 | D:15     | Found a staircase to the Depths.
 35616 | D:15     | Found Nuekhlo's General Store.
 35624 | D:15     | Bought 2 potions of heal wounds for 120 gold pieces
 36086 | Swamp:1  | Entered Level 1 of the Swamp
 36218 | D:11     | You paid a toll of 2 scrolls of acquirement to enter a treasure trove
 36219 | Trove    | Entered a treasure trove
 36222 | Trove    | Found the +0 pair of fencer's gloves {+Riposte Dex+3}
 36223 | Trove    | Found the +3 pair of gauntlets of War {Slay+5}
 36232 | Trove    | Got a translucent buckler
 36234 | Trove    | Got a bloodstained robe
 36238 | Trove    | Got an ichor-stained shield
 36246 | Trove    | Got a jewelled cloak
 36319 | Trove    | Identified the +0 cloak of Love and Death {rPois} (You found it in a treasure trove)
 36320 | Trove    | Identified the +1 robe of the Nexus {rPois rF+ Int-3} (You found it in a treasure trove)
 36321 | Trove    | Identified the +3 buckler of Loharen {rPois} (You found it in a treasure trove)
 36557 | Swamp:1  | HP: 28/101 [alligator (6)]
 36563 | Swamp:1  | HP: 13/101 [four-headed hydra (4)]
 36564 | Swamp:1  | HP: 5/101 [four-headed hydra (3)]
 36565 | Swamp:1  | Reached skill level 14 in Conjurations
 37272 | Swamp:2  | Noticed a thorn hunter
 37337 | Swamp:2  | Killed a thorn hunter
 37390 | Swamp:2  | Reached skill level 19 in Spellcasting
 37796 | Swamp:2  | HP: 30/101 [alligator (36)]
 38355 | Swamp:3  | Reached ****** piety under Vehumet
 38542 | Swamp:3  | Reached skill level 15 in Conjurations
 38542 | Swamp:3  | Reached XP level 17. HP: 106/106 MP: 22/42
 39352 | Snake:1  | Entered Level 1 of the Snake Pit
 39360 | Snake:1  | Found Mecsud's Weapon Emporium.
 39370 | Snake:1  | Found Ufimuk's Jewellery Shoppe.
 39370 | Snake:1  | Found Jity's Assorted Antiques.
 39375 | Snake:1  | Found Jestryd's Antique Armour Shoppe.
 39384 | Snake:1  | Bought a cursed amulet of inaccuracy for 26 gold pieces
 39392 | Snake:1  | Offered knowledge of Fire Storm by Vehumet.
 39392 | Snake:1  | Offered knowledge of Glaciate by Vehumet.
 39392 | Snake:1  | Offered knowledge of Shatter by Vehumet.
 39419 | Snake:1  | Found a transporter.
 39419 | Snake:1  | Noticed Meatbag's ghost (adept HOGl)
 39431 | Snake:1  | Reached skill level 20 in Spellcasting
 39572 | Snake:1  | Found Cuip's Book Shoppe.
 39590 | Snake:1  | Found Oplodoh's Armour Emporium.
 39599 | Snake:1  | Noticed Azrael
 39812 | Snake:1  | Killed Azrael
 39861 | Snake:1  | Found Jiyfusch's Armour Emporium.
 39889 | Snake:1  | Found Tianoon's Armour Shoppe.
 39901 | Snake:1  | Noticed Asterion
 39908 | Snake:1  | Killed Asterion
 40012 | Snake:1  | Found a transporter.
 40042 | Snake:1  | Found Idghed's Antique Armour Shop.
 40239 | Snake:1  | Reached skill level 13 in Fire Magic
 40754 | Snake:2  | Found a runed door.
 40770 | Snake:2  | Noticed Gavudon's ghost (journeyman BaWz)
 40795 | Snake:2  | Killed Gavudon's ghost
 40885 | Snake:2  | Noticed Vashnia
 40889 | Snake:2  | Killed Vashnia
 40889 | Snake:2  | Reached skill level 14 in Fire Magic
 41804 | Snake:3  | Found Oteneext's Distillery.
 42008 | Snake:3  | Bought a potion of heal wounds for 70 gold pieces
 42020 | Snake:3  | Reached skill level 15 in Fire Magic
 43419 | D:11     | Bought a hardcover book for 420 gold pieces
 43419 | D:11     | Bought a papyrus book for 420 gold pieces
 43422 | D:11     | Learned a level 2 spell: Blink
 43554 | Swamp:4  | Entered Level 4 of the Swamp
 44084 | Swamp:4  | Noticed Kirke
 44097 | Swamp:4  | Killed Kirke
 44097 | Swamp:4  | Reached skill level 1 in Shields
 44097 | Swamp:4  | Reached XP level 18. HP: 77/112 MP: 15/44
 44328 | Swamp:4  | Reached skill level 2 in Shields
 44545 | Swamp:4  | Reached skill level 16 in Fire Magic
 44596 | Swamp:4  | Reached skill level 16 in Conjurations
 44654 | Swamp:4  | Got a decaying rune of Zot
 45283 | Snake:4  | Entered Level 4 of the Snake Pit
 45284 | Snake:4  | Reached skill level 3 in Shields
 45425 | Snake:4  | HP: 29/112 [nagaraja/spear (7)]
 45429 | Snake:4  | Killed from afar by a shock serpent

Vault maps used:
D:1:      evilmike_arrival_rings
D:2:      nicolae_overflow_hidden_temple, yredelemnul_altar_generic,
          nicolae_ashenzari_panopticon
D:3:      gammafunk_ghost_smash, hex_large, hangedman_abyss_or_decor_stabs,
          uniq_terence
D:4:      first_ration, uniq_eustachio, uniq_ijyb, uniq_robin
D:5:      amethyst_overflow_temple_binary, gammafunk_ghost_cemetery,
          serial_shops, shop, kennysheep_generic_room_6, uniq_grinder
D:6:      lemuel_ratsnest, enter_ossuary_2, portal_sewer_entry_b,
          gammafunk_ghost_icy, grunt_decor_cap
D:7:      elyvilon_altar_3, temple_hall, gammafunk_ghost_nasty_kobolds,
          hex_medium
D:8:      uniq_erica
D:9:      uniq_harold
D:10:     erik_orc_3, st_stairs_9
D:11:     lair_entry_dummy, enter_trove_3, serial_shops,
          nicolae_shop_temple_entry_statues_fountains
D:12:     gammafunk_ghost_necromancy, uniq_nessos, uniq_nergalle
D:13:     uniq_maurice, uniq_erolcha, uniq_frances
D:14:     kennysheep_windowed_halls, erik_vaults_2, minmay_misc_feat_encased
D:15:     hangedman_depths_entry_try_elsewhere_first, serial_shops,
          nicolae_shop_waterfront, nicolae_shop_crystal, nicolae_shop_stone,
          shop, nicolae_shop_window_shopping, fake_guardian_serpent_vault,
          uniq_louise
Temple:   compressed_dpeg_circular_temple
Lair:1:   wad_woods_structure_01
Lair:2:   minmay_swamp_entry_worms, serial_bayou_shore_b, grunt_megastairs_5
Lair:3:   grunt_megastairs_3, uniq_urug
Lair:4:   minmay_snake_entry_six_corridors, serial_bayou_lagoon_a
Lair:5:   minmay_slime_entry_pillars, uniq_rupert
Lair:6:   evilmike_catoblepas_cave, serial_forest,
          infiniplex_forest_clump_diagonal, infiniplex_forest_lined_corner,
          infiniplex_forest_end_3, infiniplex_forest_clump_medium,
          infiniplex_forest_clump_curved, infiniplex_forest_fountain,
          infiniplex_forest_end_1, minmay_lair_oklob_chamber
Swamp:1:  nicolae_swamp_treefoil
Swamp:2:  evilmike_swamp_ruin_house_5, swamp_pool4
Swamp:3:  evilmike_swamp_ruin_house_1, infiniplex_staircase_pool
Swamp:4:  swamp_alternative, uniq_kirke
Snake:1:  serial_shops, shop_fountains, shop_coins, shop, nicolae_shop_crystal,
          shop_coins, gammafunk_ghost_arena, serial_bayou_shore_a,
          minmay_shoptagon, uniq_azrael, uniq_asterion
Snake:2:  ebering_ghost_reflecting_pool, spider_trap, uniq_vashnia
Snake:3:  serial_shops, shop
Snake:4:  snake_pit_salamanders_mu
Orc:2:    st_orc_town, mines4_lemuel
Trove:    trove_armour_2
Ossuary:  minmay_ossuary_two_tombs

Skill      XL: |  1  2  3  4  5  6  7  8  9 10 11 12 13 14 15 16 17 18 |
---------------+-------------------------------------------------------+-----
Conjurations   | 2 3 4 5 6 8 10 11 12 15 16 | 16.1
Fire Magic     | 4 5 6 8 10 11 12 15 16 | 16.1
Spellcasting   | 4 5 7 8 10 12 14 16 17 19 20 | 20.0
Fighting       | 4 6 8 11 12 | 12.0
Dodging        | 6 10 12 | 12.1
Evocations     | 8 12 | 12.0
Shields        | 1 3 |  3.1
Stealth        | |  2.4

Action                   |  1- 3 |  4- 6 |  7- 9 | 10-12 | 13-15 | 16-18 || total
-------------------------+-------+-------+-------+-------+-------+-------++-------
Melee: Dagger            |       |    14 |   234 |    40 |       |       ||   288
       Dire flail        |       |       |       |   273 |   327 |    64 ||   664
       Eveningstar       |       |       |       |       |       |     5 ||     5
Throw: Stone             |       |     6 |       |       |       |       ||     6
       Tomahawk          |       |       |       |     3 |       |       ||     3
       Javelin           |       |       |       |     1 |       |       ||     1
 Cast: Flame Tongue      |    64 |    65 |    87 |    33 |    24 |     3 ||   276
       Throw Flame       |     9 |    33 |    96 |   148 |    68 |     9 ||   363
       Conjure Flame     |       |     4 |    28 |    47 |    34 |    11 ||   124
       Sticky Flame      |       |     3 |    22 |    43 |   103 |    47 ||   218
       Fireball          |       |       |     5 |    80 |   106 |    72 ||   263
       Throw Icicle      |       |       |       |    29 |    40 |    70 ||   139
       Bolt of Magma     |       |       |       |     6 |    82 |   144 ||   232
       Bolt of Fire      |       |       |       |       |    88 |   158 ||   246
       Orb of Destructio |       |       |       |       |     1 |       ||     1
Evoke: Wand              |       |     2 |       |     5 |     2 |       ||     9
  Use: Scroll            |     8 |     5 |    13 |     5 |    14 |    10 ||    55
       Potion            |       |       |     2 |       |     3 |     1 ||     6
 Stab: Sleeping          |       |       |       |     2 |       |       ||     2
  Eat: Chunk             |     1 |     9 |    14 |    30 |    50 |    21 ||   125
       Ration            |       |       |     3 |     3 |     1 |     5 ||    12
Armor: Robe              |     6 |     3 |       |       |       |     7 ||    16
       Leather armour    |       |     4 |    79 |    43 |    97 |    48 ||   271
Dodge: Dodged            |     8 |    20 |   185 |   194 |   531 |   234 ||  1172
       Deflected         |       |       |       |       |    19 |    36 ||    55
Block: Other             |       |       |    45 |     6 |       |       ||    51
       Reflection        |       |       |     1 |       |       |       ||     1
       Buckler           |       |       |       |       |       |    15 ||    15

Table legend:
 A = Spawn XP
 B = Non-spawn XP
 C = Spawn XP percentage of total XP
 D = Spawn monster count
 E = Non-spawn monster count
 F = Spawn count percentage of total count
 G = Total turns spent on level
                    A         B        C        D         E        F      G
               +---------+---------+-------+---------+---------+-------+---------
         Total |       0 |  313181 |   0.0 |       0 |    1244 |   0.0 | 45429
               +---------+---------+-------+---------+---------+-------+---------
           D:1 |       0 |      42 |   0.0 |       0 |      25 |   0.0 |   886
           D:2 |       0 |      59 |   0.0 |       0 |      21 |   0.0 |   855
           D:3 |       0 |     266 |   0.0 |       0 |      19 |   0.0 |  1173
           D:4 |       0 |    1343 |   0.0 |       0 |      31 |   0.0 |  2065
           D:5 |       0 |    2217 |   0.0 |       0 |      14 |   0.0 |  1684
           D:6 |       0 |    1265 |   0.0 |       0 |      60 |   0.0 |  1390
           D:7 |       0 |    2782 |   0.0 |       0 |      28 |   0.0 |  2377
           D:8 |       0 |    2591 |   0.0 |       0 |      33 |   0.0 |  1049
           D:9 |       0 |    4734 |   0.0 |       0 |      46 |   0.0 |  2029
          D:10 |       0 |    2662 |   0.0 |       0 |      47 |   0.0 |  1363
          D:11 |       0 |    5101 |   0.0 |       0 |      40 |   0.0 |  1516
          D:12 |       0 |    9873 |   0.0 |       0 |      63 |   0.0 |  1182
          D:13 |       0 |   11843 |   0.0 |       0 |      54 |   0.0 |  1126
          D:14 |       0 |   35688 |   0.0 |       0 |      79 |   0.0 |  1647
          D:15 |       0 |   20613 |   0.0 |       0 |      48 |   0.0 |  1670
        Lair:1 |       0 |    5825 |   0.0 |       0 |      24 |   0.0 |  2431
        Lair:2 |       0 |    7802 |   0.0 |       0 |      36 |   0.0 |  1985
        Lair:3 |       0 |    8862 |   0.0 |       0 |      31 |   0.0 |  2014
        Lair:4 |       0 |   12617 |   0.0 |       0 |      43 |   0.0 |  2180
        Lair:5 |       0 |   11445 |   0.0 |       0 |      26 |   0.0 |  1259
        Lair:6 |       0 |   19508 |   0.0 |       0 |      48 |   0.0 |  2162
       Swamp:1 |       0 |    8711 |   0.0 |       0 |      22 |   0.0 |   936
       Swamp:2 |       0 |   15796 |   0.0 |       0 |      30 |   0.0 |   990
       Swamp:3 |       0 |   10761 |   0.0 |       0 |      24 |   0.0 |  1093
       Swamp:4 |       0 |   30896 |   0.0 |       0 |      52 |   0.0 |  1169
       Snake:1 |       0 |   16551 |   0.0 |       0 |      27 |   0.0 |   905
       Snake:2 |       0 |   21589 |   0.0 |       0 |      33 |   0.0 |  1747
       Snake:3 |       0 |   22626 |   0.0 |       0 |      46 |   0.0 |  1121
       Snake:4 |       0 |    2436 |   0.0 |       0 |       2 |   0.0 |    14
         Orc:1 |       0 |    7560 |   0.0 |       0 |      52 |   0.0 |  1133
         Orc:2 |       0 |    8678 |   0.0 |       0 |     101 |   0.0 |  1186
       Ossuary |       0 |     439 |   0.0 |       0 |      39 |   0.0 |   867
               +---------+---------+-------+---------+---------+-------+---------

Table legend:
 A = Turns spent in this place as a percentage of turns spent in the entire game.
 B = Non-inter-level travel turns spent in this place as a percentage of non-inter-level travel turns spent in the entire game.
 C = Inter-level travel turns spent in this place as a percentage of turns spent in this place.
 D = Turns resting spent in this place as a percentage of non-inter-level travel turns spent in this place.
 E = Turns spent auto-exploring this place as a percentage of non-inter-level travel turns spent in this place.
 F = Non-inter-level travel turns spent in this place divided by the number of levels of this place that you've seen.
                   A       B       C       D       E      F
               +-------+-------+-------+-------+-------+----------------------
         Total | 100.0 | 100.0 |   9.0 |  33.8 |  35.4 | 1215.2
       Dungeon |  48.5 |  49.0 |   8.0 |  35.6 |  34.2 | 1350.3
        Temple |   0.3 |   0.2 |  21.4 |   0.0 |  85.9 |  92.0
          Lair |  26.5 |  25.4 |  12.8 |  34.2 |  38.9 | 1747.8
         Swamp |   9.2 |   9.0 |  11.2 |  29.5 |  42.5 | 929.5
     Snake Pit |   8.3 |   8.7 |   4.8 |  31.1 |  41.8 | 901.5
  Orcish Mines |   5.1 |   5.3 |   5.7 |  26.4 |  19.9 | 1093.0
         Trove |   0.2 |   0.3 |   0.0 |   0.0 |   0.0 | 108.0
       Ossuary |   1.9 |   2.1 |   0.0 |  44.3 |   3.0 | 867.0
               +-------+-------+-------+-------+-------+----------------------

Vault maps used:
D:1:      evilmike_arrival_rings
D:2:      nicolae_overflow_hidden_temple, yredelemnul_altar_generic,
          nicolae_ashenzari_panopticon
D:3:      gammafunk_ghost_smash, hex_large, hangedman_abyss_or_decor_stabs,
          uniq_terence
D:4:      first_ration, uniq_eustachio, uniq_ijyb, uniq_robin
D:5:      amethyst_overflow_temple_binary, gammafunk_ghost_cemetery,
          serial_shops, shop, kennysheep_generic_room_6, uniq_grinder
D:6:      lemuel_ratsnest, enter_ossuary_2, portal_sewer_entry_b,
          gammafunk_ghost_icy, grunt_decor_cap
D:7:      elyvilon_altar_3, temple_hall, gammafunk_ghost_nasty_kobolds,
          hex_medium
D:8:      uniq_erica
D:9:      uniq_harold
D:10:     erik_orc_3, st_stairs_9
D:11:     lair_entry_dummy, enter_trove_3, serial_shops,
          nicolae_shop_temple_entry_statues_fountains
D:12:     gammafunk_ghost_necromancy, uniq_nessos, uniq_nergalle
D:13:     uniq_maurice, uniq_erolcha, uniq_frances
D:14:     kennysheep_windowed_halls, erik_vaults_2, minmay_misc_feat_encased
D:15:     hangedman_depths_entry_try_elsewhere_first, serial_shops,
          nicolae_shop_waterfront, nicolae_shop_crystal, nicolae_shop_stone,
          shop, nicolae_shop_window_shopping, fake_guardian_serpent_vault,
          uniq_louise
Temple:   compressed_dpeg_circular_temple
Lair:1:   wad_woods_structure_01
Lair:2:   minmay_swamp_entry_worms, serial_bayou_shore_b, grunt_megastairs_5
Lair:3:   grunt_megastairs_3, uniq_urug
Lair:4:   minmay_snake_entry_six_corridors, serial_bayou_lagoon_a
Lair:5:   minmay_slime_entry_pillars, uniq_rupert
Lair:6:   evilmike_catoblepas_cave, serial_forest,
          infiniplex_forest_clump_diagonal, infiniplex_forest_lined_corner,
          infiniplex_forest_end_3, infiniplex_forest_clump_medium,
          infiniplex_forest_clump_curved, infiniplex_forest_fountain,
          infiniplex_forest_end_1, minmay_lair_oklob_chamber
Swamp:1:  nicolae_swamp_treefoil
Swamp:2:  evilmike_swamp_ruin_house_5, swamp_pool4
Swamp:3:  evilmike_swamp_ruin_house_1, infiniplex_staircase_pool
Swamp:4:  swamp_alternative, uniq_kirke
Snake:1:  serial_shops, shop_fountains, shop_coins, shop, nicolae_shop_crystal,
          shop_coins, gammafunk_ghost_arena, serial_bayou_shore_a,
          minmay_shoptagon, uniq_azrael, uniq_asterion
Snake:2:  ebering_ghost_reflecting_pool, spider_trap, uniq_vashnia
Snake:3:  serial_shops, shop
Snake:4:  snake_pit_salamanders_mu
Orc:2:    st_orc_town, mines4_lemuel
Trove:    trove_armour_2
Ossuary:  minmay_ossuary_two_tombs
